 Dungeon Crawl Stone Soup version 0.26-a0-291-g3d11bbfad5 (webtiles) character file.

Game seed: 13103777795127312445

5928 ANON1729 the Grappler (level 10, -5/94 HPs)
             Began as a Troll Transmuter on July 14, 2020.
             Slain by an ogre
             ... wielding a +0 giant club
              (18 damage)
             ... on level 8 of the Dungeon.
             The game lasted 00:20:48 (6673 turns).

ANON1729 the Grappler (Troll Transmuter)            Turns: 6673, Time: 00:20:49

Health: -5/94      AC:  8    Str: 24    XL:     10   Next: 54%
Magic:  16/16      EV: 13    Int: 16    God:
Gold:   868        SH:  0    Dex: 16    Spells: 11/19 levels left

rFire    . . .     SeeInvis .     - Unarmed
rCold    . . .     Faith    .   (no shield)
rNeg     . . .     Spirit   .   q - +2 robe {Archmagi}
rPois    .         Reflect  .   (helmet restricted)
rElec    +         Harm     .   (no cloak)
rCorr    .                      (gloves unavailable)
MR       .....                  (boots unavailable)
Stlth    +.........             G - amulet of Zabigufi {Acrobat rElec Str-2 Int+4}
HPRegen  0.65/turn              t - +6 ring of dexterity
MPRegen  0.15/turn              x - +6 ring of strength

@: lethally poisoned (-5 -> -5), appendage
A: large, unfitting armour, claws 3, horns 2, regeneration 1, shaggy fur 1,
tough skin 3
a: End Transformation


You were on level 8 of the Dungeon.
You had grown temporary horns.
You visited 2 branches of the dungeon, and saw 9 of its levels.
You also visited: Ossuary and Bailey.

You collected 940 gold pieces.
You spent 72 gold pieces at shops.

Inventory:

Hand Weapons
 z - the +7 battleaxe "Beetleslayer" {flame, +Rage rElec Int+7 Dex-4, unknown}
   (You found it on level 7 of the Dungeon)

   It has been specially enchanted to burn those struck by it, causing extra
   injury to most foes and up to half again as much damage against particularly
   susceptible opponents.
   Big, fiery blades are also staple armaments of hydra-hunters.
   It affects your intelligence (+7).
   It affects your dexterity (-4).
   It insulates you from electricity.
   It lets you go berserk.
Missiles
 a - 109 arrows
Armour
 b - a +0 robe
 q - a +2 robe of the Archmagi (worn)
 r - a +2 kite shield
Jewellery
 d - an uncursed ring of fire
 k - an uncursed amulet of magic regeneration
 l - an uncursed amulet of the acrobat
 m - an uncursed ring of resist corrosion
 t - a +6 ring of dexterity (left claw)
 x - a +6 ring of strength (right claw)
 B - an uncursed amulet of faith
 G - the amulet of Zabigufi (around neck) {Acrobat rElec Str-2 Int+4}
   (You found it on level 7 of the Dungeon)

   [amulet of the acrobat]

   It helps you evade while moving and waiting.
   It affects your strength (-2).
   It affects your intelligence (+4).
   It insulates you from electricity.
Scrolls
 f - 8 scrolls of remove curse
 g - 4 scrolls of enchant weapon
 h - a scroll of amnesia
 j - 8 scrolls of teleportation
 n - a scroll of immolation {unknown}
 o - a scroll of magic mapping
 p - a scroll of random uselessness {unknown}
 s - 3 scrolls of fog
 w - a scroll of torment {unknown}
 y - a scroll of silence {unknown}
 C - a scroll of noise {unknown}
 F - a scroll of brand weapon {unknown}
Potions
 c - 2 potions of lignification
 e - 10 potions of curing
 i - 2 potions of mutation
 u - 2 potions of invisibility
 v - a potion of berserk rage
 A - a potion of magic {unknown}
 D - a potion of stabbing {unknown}
 E - 3 potions of might {unknown}


   Skills:
 + Level 4.6 Fighting
 + Level 4.8 Dodging
 * Level 8.6 Unarmed Combat
 * Level 5.2 Spellcasting
 * Level 6.3 Transmutations


You had 11 spell levels left.
You knew the following spells:

 Your Spells              Type           Power        Failure   Level
a - Beastly Appendage     Tmut           #####.       1%          1
b - Sticks to Snakes      Tmut           #####...     1%          2
c - Blade Hands           Tmut           #####.....   30%         5

Your spell library contained the following spells:

 Spells                   Type           Power        Failure   Level
 Spider Form              Tmut/Pois      ###.......   12%         3
 Ice Form                 Ice/Tmut       ###.....     38%         4
 Static Discharge         Conj/Air       #.......     41%         3
 Lightning Bolt           Conj/Air       #.........   99%         5
 Ignition                 Fire           #.........   100%        8
 Shatter                  Erth           #.........   100%        9
 Tornado                  Air            #.........   100%        9


Dungeon Overview and Level Annotations

Branches:
Dungeon (8/15)             Temple (1/1) D:6         Ossuary (visited)
 Bailey (visited)
   Lair: D:8-11

Altars:
Ashenzari
Cheibriados
Dithmenos
Elyvilon
Gozag
Kikubaaqudgha
Nemelex Xobeh
Okawaru
Qazlal
Ru
Sif Muna
Trog
Uskayaw
Vehumet
Wu Jian
Xom
Yredelemnul
Zin
The Shining One
Lugonu

Shops:
D:5 (   D:6 ![**}   D:8 :

Annotations:
D:2 Sigmund
D:6 1 runed translucent door, Miritol's ghost, amateur HOFi


Innate Abilities, Weirdness & Mutations

You are too large for most types of armour.
You have claws for hands.
Your natural rate of healing is unusually fast.
You are covered in fur. (AC +1)
You have extremely tough skin. (AC +3)
You have a pair of horns on your head.


Message History

* * * LOW HITPOINT WARNING * * *
The kobold hits you.
* * * LOW HITPOINT WARNING * * *
You feel sick.
You feel sick.
You feel sick.
You feel sick. The kobold completely misses you.
You feel sick.
You scratch the ogre but do no damage. The ogre hits you but does no damage.
You mangle the ogre!! Your headbutt misses the ogre.
The ogre is severely wounded.
You scratch the ogre. You headbutt the ogre.
The ogre is almost dead.
You feel sick. The ogre hits you with a +0 giant club!
* * * LOW HITPOINT WARNING * * *
You scratch the ogre but do no damage.
The ogre is almost dead.
The ogre hits you with a +0 giant club!!
You die...

##..................
##.................
###........(.(......
#...................
## #
###..#...#..........
##8 ##8##
#.....###.........
##8.
8...8##K...#......
####.
.....##O####.#..
#.#_ ....$>#@## ...#
#.# .....##..##...#
#.# 8...8###....#
#.# ##8## #....##
#.# ## ##..>## . #.#
#..#..##.. #.#
#......... #.#
##.........# #.#
###.........#


You could see an ogre and a kobold.

Vanquished Creatures
  A tengu warrior (D:7)
  A two-headed ogre (D:7)
  Maggie (D:6)
  A tengu conjurer (D:7)
  Prince Ribbit (D:6)
  A hippogriff (D:7)
  Eustachio (D:6)
  A yak (D:6)
  2 wyverns
  A steam dragon (D:8)
  4 orc warriors
  Duvessa (D:6)
  2 sky beasts (D:5)
  3 centaurs
  An ogre (D:5)
  Blork the orc (D:4)
  2 big kobolds
  5 bullfrogs (D:7)
  Dowan (D:6)
  A water moccasin zombie (Ossuary)
  6 scorpions
  2 howler monkeys
  A centaur zombie (D:6)
  A jelly (D:7)
  A hound (D:7)
  5 orc wizards
  3 iguanas
  Jessica (D:3)
  A centaur skeleton (D:4)
  4 worker ants
  2 big kobold zombies (Ossuary)
  2 mummies (Ossuary)
  3 gnolls (Bailey)
  10 adders
  A shadow imp (D:5)
  3 white imps (D:7)
  2 oozes
  2 adder skeletons
  3 adder zombies (Ossuary)
  A worm (D:4)
  4 leopard geckos
  17 orcs
  3 giant cockroaches
  13 goblins
  9 hobgoblins
  7 jackals (D:3)
  14 kobolds
  2 quokkas
  3 ball pythons
  5 bats
  4 frilled lizards
  3 gnoll zombies (Ossuary)
  7 hobgoblin zombies (Ossuary)
  A jackal zombie (D:5)
  A kobold zombie (Ossuary)
  A leopard gecko skeleton (D:5)
  2 orc zombies (Ossuary)
  A quokka zombie (D:7)
  6 rats
189 creatures vanquished.

Vanquished Creatures (others)
  An orc knight (Bailey)
  An orc (Bailey)
  2 goblins (Bailey)
  2 hobgoblins (Bailey)
6 creatures vanquished.

Grand Total: 195 creatures vanquished

Notes
Turn   | Place    | Note
-------+----------+-------------------------------------------
     0 | D:1      | ANON1729 the Troll Transmuter began the quest for the Orb.
     0 | D:1      | Reached XP level 1. HP: 18/18 MP: 1/1
   146 | D:1      | Found a shattered altar of Ashenzari.
   168 | D:1      | Reached XP level 2. HP: 26/26 MP: 3/3
   251 | D:1      | Reached skill level 1 in Fighting
   443 | D:1      | Reached XP level 3. HP: 29/33 MP: 4/4
   665 | D:2      | Noticed Sigmund
   673 | D:2      | Learned a level 2 spell: Sticks to Snakes
  1306 | D:3      | Reached XP level 4. HP: 41/41 MP: 5/5
  1485 | D:3      | Reached XP level 5. HP: 33/48 MP: 5/7
  1590 | D:3      | Noticed an angel
  1591 | D:3      | Found a glowing silver altar of Zin.
  1620 | D:3      | Noticed Jessica
  1628 | D:3      | Killed Jessica
  1705 | D:3      | Reached skill level 4 in Unarmed Combat
  1729 | D:3      | Reached XP level 6. HP: 52/57 MP: 8/8
  2031 | D:4      | Found a sacrificial altar of Ru.
  2149 | D:4      | Found an ancient bone altar of Kikubaaqudgha.
  2200 | D:4      | Found an iron altar of Okawaru.
  2207 | D:4      | Noticed Blork the orc
  2215 | D:4      | Killed Blork the orc
  2232 | D:4      | Found an opulent altar of Gozag.
  2256 | D:4      | Found a sand-covered staircase.
  2285 | Ossuary  | Entered an ossuary
  2330 | Ossuary  | Reached XP level 7. HP: 64/65 MP: 7/9
  2599 | D:4      | Found a shimmering blue altar of Sif Muna.
  2816 | D:5      | Entered Level 5 of the Dungeon
  2875 | D:5      | Reached skill level 5 in Unarmed Combat
  2941 | D:5      | Found a stormy altar of Qazlal.
  2943 | D:5      | Noticed a water elemental
  2944 | D:5      | Noticed a fire elemental
  2944 | D:5      | Noticed an air elemental
  2952 | D:5      | Found Daorheb's Antique Weapon Shoppe.
  3153 | D:5      | Found a glowing golden altar of the Shining One.
  3321 | D:6      | Noticed Prince Ribbit
  3392 | D:6      | Killed Prince Ribbit
  3392 | D:6      | Reached XP level 8. HP: 65/74 MP: 11/11
  3572 | D:6      | Found a bloodstained altar of Trog.
  3572 | D:6      | Found Hepor's Distillery.
  3574 | D:6      | Noticed Eustachio
  3580 | D:6      | Killed Eustachio
  3586 | D:6      | Reached skill level 6 in Unarmed Combat
  3596 | D:6      | Bought a potion of lignification for 45 gold pieces
  3661 | D:6      | Found Muph's Antique Armour Shop.
  3663 | D:6      | Noticed Duvessa
  3664 | D:6      | Noticed Dowan
  3680 | D:6      | Killed Duvessa
  3694 | D:6      | Killed Dowan
  3822 | D:6      | Noticed Maggie
  3833 | D:6      | Killed Maggie
  4010 | D:6      | Found Waniedac's Gadget Boutique.
  4180 | D:6      | Found Xagiwn's Assorted Antiques.
  4187 | D:6      | Bought a glowing purple potion for 27 gold pieces
  4246 | D:6      | Found a staircase to the Ecumenical Temple.
  4286 | D:6      | Reached XP level 9. HP: 80/83 MP: 13/13
  4305 | Temple   | Entered the Ecumenical Temple
  4450 | D:6      | Found Joq Itob's General Store.
  4690 | D:6      | Found a runed translucent door.
  4694 | D:6      | Noticed Miritol's ghost (amateur HOFi)
  5066 | D:7      | Found a flagged portal.
  5083 | Bailey   | Entered a bailey
  5106 | Bailey   | Noticed an orc knight
  5136 | Bailey   | Killed an orc knight
  5136 | Bailey   | Reached skill level 7 in Unarmed Combat
  5136 | Bailey   | Reached skill level 5 in Transmutations
  5481 | D:7      | Got a pitted battleaxe
  5489 | D:7      | Noticed a tengu conjurer
  5670 | D:6      | Learned a level 5 spell: Blade Hands
  5678 | D:7      | Killed a tengu conjurer
  5685 | D:7      | Noticed a two-headed ogre
  5698 | D:7      | Killed a two-headed ogre
  5698 | D:7      | Reached XP level 10. HP: 79/93 MP: 13/16
  5705 | D:7      | Noticed a tengu warrior
  5715 | D:7      | Killed a tengu warrior
  5715 | D:7      | Reached skill level 8 in Unarmed Combat
  5832 | D:7      | Reached skill level 5 in Spellcasting
  6131 | D:7      | Got a twitching platinum amulet
  6432 | D:7      | Identified the amulet of Zabigufi {Acrobat rElec Str-2
                  | Int+4} (You found it on level 7 of the Dungeon)
  6548 | D:8      | Found Gigun's Book Shop.
  6581 | D:8      | Found an ornate altar of the Wu Jian Council.
  6673 | D:8      | Slain by an ogre

Illustrated notes

Levels and vault maps discovered:
D:1:      dpeg_arrival_refuge, layout_loops_ring, ashenzari_altar_1
D:2:      layout_basic, uniq_natasha, uniq_sigmund
D:3:      layout_basic, zin_angel, chequers_serial_rivers_micro_c, uniq_jessica
D:4:      layout_rooms, lemuel_crystal_altar, nicolae_ru_awakened_eye,
          old_standard_altar, kennysheep_mini_moat, overflow_temple_1_default,
          nicolae_ossuary_entry_monument, saegor_snake_ambush,
          uniq_blork_the_orc
D:5:      layout_basic, lemuel_coloured_pillars_altar,
          nicolae_qazlal_style_of_elements, serial_shops,
          nicolae_shop_behind_doors
D:6:      minmay_razor_zed, layout_layer_cave, minmay_temple_entry_antechambers,
          ebering_ghost_reflecting_pool, serial_shops, shop_fountains,
          nicolae_shop_competitors_out_of_business, shop_fountains, shop,
          nicolae_shop_stone, trog_butcher_becter, uniq_duvessa, uniq_eustachio,
          uniq_maggie, uniq_prince_ribbit1
D:7:      minmay_the_grid_plus [minmay_the_grid_tiny_cups,
          minmay_the_grid_eight, minmay_the_grid_pillar_ring,
          minmay_the_grid_outer_circle,
          minmay_the_grid_prize_four_corners_diamond_b], layout_loops_ring,
          enter_bailey_3
D:8:      layout_cave_pools, fedhas_altar_3, trog_ov_bears_minmay,
          nicolae_overflow_hidden_temple, serial_shops, shop
Temple:   corrupted_temple

Skill      XL: |  1  2  3  4  5  6  7  8  9 10 |
---------------+-------------------------------+-----
Fighting       | 1 2 3 4 |  4.6
Transmutations | 2 3 4 5 6 |  6.3
Dodging        | 2 3 4 |  4.8
Spellcasting   | 2 3 4 5 |  5.2
Unarmed Combat | 4 5 6 7 8 |  8.6

Action                   |  1- 3 |  4- 6 |  7- 9 | 10-12 || total
-------------------------+-------+-------+-------+-------++-------
Melee: Unarmed           |   108 |   162 |   256 |    97 ||   623
       Headbutt          |     1 |     1 |     4 |     2 ||     8
       Kick              |     1 |       |    11 |     6 ||    18
       Punch             |       |     5 |    16 |     6 ||    27
 Cast: Beastly Appendage |     2 |     1 |     8 |     1 ||    12
       Sticks to Snakes  |       |       |     3 |       ||     3
  Use: Scroll            |     6 |     5 |     7 |       ||    18
       Potion            |       |       |     4 |       ||     4
 Stab: Sleeping          |     1 |     2 |     1 |       ||     4
       Invisible         |       |       |     6 |       ||     6
Armor: Robe              |    41 |    56 |    78 |    33 ||   208
       Skin              |       |       |   110 |       ||   110
Dodge: Dodged            |    55 |    85 |   361 |    66 ||   567

Table legend:
 A = Non-vault XP
 B = Vault XP
 C = Vault XP percentage of total XP
 D = Non-vault monster count
 E = Vault monster count
 F = Vault count percentage of total count
                 A         B        C        D         E       F
            +---------+---------+-------+---------+---------+-------
      Total |    2931 |    5538 |  65.4 |     124 |      66 |  34.7
            +---------+---------+-------+---------+---------+-------
        D:1 |      49 |       0 |   0.0 |      27 |       0 |   0.0
        D:2 |      39 |       0 |   0.0 |       8 |       0 |   0.0
        D:3 |     267 |      37 |  12.2 |      30 |       1 |   3.2
        D:4 |     210 |     104 |  33.1 |      13 |       3 |  18.8
        D:5 |     385 |       0 |   0.0 |       7 |       0 |   0.0
        D:6 |     355 |    1649 |  82.3 |      11 |      12 |  52.2
        D:7 |    1162 |    2496 |  68.2 |      20 |      18 |  47.4
        D:8 |     464 |       0 |   0.0 |       8 |       0 |   0.0
    Ossuary |       0 |     201 | 100.0 |       0 |      21 | 100.0
     Bailey |       0 |    1051 | 100.0 |       0 |      11 | 100.0
            +---------+---------+-------+---------+---------+-------
